[Event "Open international de Salon de Provence"]
[Site "Salon de Provence, France"]
[Date "2024.07.08"]
[Round "4.3"]
[White "Madi, Walid"]
[Black "Enchev, Ivajlo"]
[Result "0-1"]
[WhiteElo "1701"]
[BlackElo "2416"]
[PlyCount "62"]
[EventDate "2024.??.??"]
[TimeControl "1"]

1. d4 Nf6 2. c4 b6 3. Nf3 Bb7 4. e3 e6 5. Nc3 d5 6. cxd5 exd5 7. Bd3 a6 8.
O-O Bd6 9. Qe2 Qe7 10. a3 Nbd7 11. b3 O-O 12. Bb2 Ne4 13. Qc2 f5 14. Ne2 g5 15. Rac1 Rac8 16. g3 Rf7 17. Ne1 f4 18. f3 fxg3 19. hxg3 Nxg3 20. Nxg3 Bxg3 21. e4 Nf6 22. e5 Nh5 23. Bf5 Rcf8 24. Bg4 Nf4 25.
Nd3 Rg7 26. Nf2 h5 27. Bf5 Qf7 28. Bd3 g4 29. e6 Qxe6 30. Rce1 Qf6 31. Bc4 gxf3 0-1

[Event "Open international de Salon de Provence"]
[Site "Salon de Provence, France"]
[Date "2024.07.08"]
[Round "4.4"]
[White "Roganova, Maxime"]
[Black "Dimitrov, Radoslav"]
[Result "1/2-1/2"]
[WhiteElo "1903"]
[BlackElo "2480"]
[PlyCount "107"]
[EventDate "2024.??.??"]
[TimeControl "1"]

1. e4 c5 2. d4 cxd4 3. c3 g6 4. cxd4 d5 5. exd5 Nf6 6. Nc3 Nxd5 7. Nf3 Bg7 8. Bd3 Nc6 9. Be4 Be6 10. O-O O-O 11. Re1 Rc8 12. Be3 Nxc3 13.
bxc3 Bd5 14. Nd2 Na5 15. Qc2 e5 16. dxe5 Bxe5 17. Bxd5 Qxd5 18. Rac1 Rc7 19. Qe4 Rxc3 20. Qc4 Rd8 21. Qb4 Rdc8 22. Rcd1 Rd3 23. Rc1 Rxc1 24. Rxc1 Qd8 25. Qb5 Bc3 26. Ne4 a6 27. Qb1 Bb2 28. Re1 Nc4 29. Bg5 f6 30. Bxf6 Bxf6 31. Nxf6+ Kg7 32. Ne8+ Kh6 33. h4 Qd4 34. Qxb7 Rd1 35. Rxd1 Qxd1+ 36. Kh2 Qd4 37. Qe7 Qe5+ 38. Qxe5 Nxe5 39. f4 Nd3 40. g3 Kh5 41. Kh3 Nf2+ 42. Kg2 Ne4 43. Ng7+ Kg4 44. h5 Nxg3 45. hxg6 hxg6 46. Ne6 Ne2 47. Nc5 a5 48. a4 Nd4 49. Nd3 Kf5 50. Kg3 Ke4 51. Nc5+ Kf5 52. Nd3 Ke4 53. Nc5+ Kd5 54. Nb7 1/2-1/2

[Event "Open international de Salon de Provence"]
[Site "Salon de Provence, France"]
[Date "2024.07.08"]
[Round "4.5"]
[White "Metzger, Raphael"]
[Black "Rival, None"]
[Result "0-1"]
[WhiteElo "1601"]
[BlackElo "1640"]
[PlyCount "64"]
[EventDate "2024.??.??"]
[TimeControl "1"]

1. e4 c5 2. d4 cxd4 3. c3 Nf6 4. e5 Nd5 5. cxd4 Nc6 6. Nf3 d6 7. Bc4 Nb6 8. Bb5 Bd7 9. exd6 e6 10. Nc3 Bxd6 11. O-O Nb4 12. a3 N4d5 13. Bxd7+ Qxd7 14. Nxd5 Nxd5 15. Ne5 Bxe5 16. dxe5 O-O 17. Qg4 Kh8 18. Bd2 a5 19. Rfd1 Rfc8 20. Rac1 a4 21. Bb4 Qb5 22. h4 Rc6 23. Rxc6 Qxc6 24. Kh2 Qc2 25. Rd2 Qg6 26. Qh3 Qe4 27. Qd3 Qxh4+ 28. Kg1 Rc8 29. Rc2 Rd8 30. Qb5 Nxb4 31. Rd2 Nd5 32. Rc2 h6 0-1

[Event "Open international de Salon de Provence"]
[Site "Salon de Provence, France"]
[Date "2024.07.08"]
[Round "4.6"]
[White "Biard, Noah"]
[Black "Tarisse, Mateo"]
[Result "1/2-1/2"]
[WhiteElo "1574"]
[BlackElo "1636"]
[PlyCount "115"]
[EventDate "2024.??.??"]
[TimeControl "1"]

1. e4 e6 2. d3 d5 3. Nd2 c5 4. g3 Nc6 5. Bg2 d4 6. f4 e5 7. fxe5 Nxe5 8. Ngf3 Bd6 9. O-O Ne7 10. Nxe5 Bxe5 11. Qh5 Ng6 12. Nc4 Qe7 13. Bg5 f6 14. Bd2 O-O 15. Bh3 Be6 16. Na5 b6 17. Nc6 Qd7 18. Nxe5 Nxe5 19. Bxe6+ Qxe6 20. Bf4 Nc6 21. a3 c4 22. dxc4 Qxc4 23. Qd5+ Qxd5 24. exd5 Na5 25. Rad1 Rac8 26. Rf2 Nc4 27. Rxd4 Nxb2 28. d6 g5 29. d7 gxf4 30. dxc8=Q Rxc8 31. Rdxf4 Nd1 32. Rd2 Nc3 33. Rfd4 Rc5 34. R4d3 Kf7 35. Kf2 Ne4+ 36. Ke3 Nxd2 37. Rxd2 Rc3+ 38. Rd3 Rxc2 39. Rd7+ Kg6 40. Rxa7 Rxh2 41. Rb7 Rb2 42. a4 Rb3+ 43. Kf2 Rb4 44. Kf3 Kf5 45. Rxh7 Rxa4 46. Rh5+ Ke6 47. Rb5 Ra6 48. g4 Kd7 49. Kf4 Ke7 50. Ke3 Kf7 51. Kf4 Kg6 52. Ke4 Ra5 53. Rxb6 Kg5 54. Ke3 Ra3+ 55. Kf2 Ra4 56. Kf3 Rxg4 57. Rxf6 Kxf6 58. Kxg4 1/2-1/2

[Event "Open international de Salon de Provence"]
[Site "Salon de Provence, France"]
[Date "2024.07.08"]
[Round "4.7"]
[White "Maltsev, Nikita"]
[Black "Bicais, Noam"]
[Result "0-1"]
[WhiteElo "1552"]
[BlackElo "1603"]
[PlyCount "64"]
[EventDate "2024.??.??"]
[TimeControl "1"]

1. d4 d5 2. Bf4 Nf6 3. Nf3 Bf5 4. e3 e6 5. Bd3 Bg6 6. O-O Bd6 7. Bg3 O-O 8. Ne5 Nbd7 9. Nxg6 hxg6 10. Nd2 e5 11. c3 Qe7 12. Re1 e4 13. Bc2 Bxg3 14. hxg3 Nb6 15. Qe2 c6 16. c4 Rac8 17. Bb3 Rc7 18. Rac1 Rfc8 19. Rc3 dxc4 20. Bxc4 Nfd5 21. Rcc1 Nb4 22. a3 Nxc4 23. Rxc4 Nd5 24. Qg4 Nf6 25. Qh4 Re8 26. Kh2 Nd5 27. Qh3 Qe6 28. Qh4 Qf6 29. Qh3 Qxf2 30. Rh1 Qxd2 31. Kg1 Qe1+ 32. Kh2 Qxe3 0-1

[Event "Open international de Salon de Provence"]
[Site "Salon de Provence, France"]
[Date "2024.07.08"]
[Round "4.8"]
[White "Vrillet, Loan"]
[Black "Schmitz, Yves"]
[Result "1-0"]
[WhiteElo "1676"]
[BlackElo "1609"]
[PlyCount "53"]
[EventDate "2024.??.??"]
[TimeControl "1"]

1. e4 d6 2. d4 Nf6 3. Nc3 Nbd7 4. Nf3 e5 5. Bc4 Be7 6. Be3 c6 7. dxe5 Nxe5 8. Nxe5 dxe5 9. Qxd8+ Bxd8 10. f3 O-O 11. a4 Ba5 12. Ke2 Bc7 13. Rhd1 Nh5 14. g3 b6 15. b4 Kh8 16. b5 cxb5 17. Nxb5 Ba6 18. Rd7 Bxb5 19. axb5 Rfc8 20. Bd5 Nf6 21. Rxc7 Nxd5 22. Rxc8+ Rxc8 23. exd5 Rc7 24. d6 Rd7 25. Bxb6 g6 26. Bc5 Kg7 27. Rxa7 1-0

[Event "Open international de Salon de Provence"]
[Site "Salon de Provence, France"]
[Date "2024.07.09"]
[Round "5.1"]
[White "Philippe, Guillaume"]
[Black "Gusain, Himal"]
[Result "1/2-1/2"]
[WhiteElo "2359"]
[BlackElo "2490"]
[PlyCount "78"]
[EventDate "2024.??.??"]
[TimeControl "1"]

1. e4 e5 2. Nf3 Nc6 3. Bb5 a6 4. Bxc6 dxc6 5. O-O f6 6. d4 exd4 7. Qxd4 Qxd4 8. Nxd4 Bd7 9. Be3 O-O-O 10. Nc3 Ne7 11. Rfd1 Ng6 12. f3 Ne5 13. b3 Ba3 14. Nde2 g5 15. Rd2 g4 16. f4 Nf3+ 17. gxf3 gxf3 18. Rad1 fxe2 19. Nxe2 Bd6 20. Kf2 Rde8 21. Kf3 Re7 22. Bd4 Rf8 23. f5 c5 24. Bf2 Bc6 25. Nc3 Rfe8 26. Re2 Bxh2 27. Bxc5 Re5 28. Nd5 Bxd5 29. Rxd5 Rxd5 30. exd5 Rxe2 31.
Kxe2 Kd7 32. c4 Be5 33. Kf3 h5 34. Be3 Kd6 35. Kg2 Bc3 36.
Bf4+ Be5 37. Be3 Bc3 38. Bf4+ Be5 39. Be3 Bc3 1/2-1/2

[Event "Open international de Salon de Provence"]
[Site "Salon de Provence, France"]
[Date "2024.07.09"]
[Round "5.2"]
[White "Enchev, Ivajlo"]
[Black "Petrosyan, Armen"]
[Result "1/2-1/2"]
[WhiteElo "2416"]
[BlackElo "2358"]
[PlyCount "93"]
[EventDate "2024.??.??"]
[TimeControl "1"]

1. d4 d5 2. c4 e6 3. Nf3 Nf6 4. Nc3 Be7 5. Bg5 O-O 6. e3 h6 7. Bh4 Nbd7 8. cxd5 Nxd5 9. Bxe7 Qxe7 10. Nxd5 exd5 11. Bd3 Nf6 12. Qc2 c6 13. O-O Re8 14. Rab1 a5 15. Rfc1 Bg4 16. Ne5 Be6 17. a3 a4 18. b4 axb3 19. Qxb3 Ra7 20. a4 Nd7 21. Nxd7 Qxd7 22. a5 Rxa5 23.
Qxb7 Qxb7 24. Rxb7 Rc8 25. Kf1 Kf8 26. f4 g6 27. Rc2 c5 28.
dxc5 Raxc5 29. Rxc5 Rxc5 30. Ke2 Ra5 31. Rc7 Ra2+ 32. Rc2 Rxc2+ 33. Bxc2 Ke7 34. Kd3 Bf5+ 35. Kc3 Bxc2 36. Kxc2 h5 37. Kd3 Kd6 38. Kd4 f6 39. g3 Kc6 40. h3 Kd6 41. h4 Kc6 42. e4 dxe4 43.
Kxe4 Kd6 44. Kd4 Ke6 45. Ke4 Kd6 46. Kd4 Ke6 47. Ke4 1/2-1/2

[Event "Open international de Salon de Provence"]
[Site "Salon de Provence, France"]
[Date "2024.07.09"]
[Round "5.3"]
[White "Durand-Benmoussa, Roman"]
[Black "Nikolov, Momchil"]
[Result "0-1"]
[WhiteElo "2001"]
[BlackElo "2460"]
[PlyCount "84"]
[EventDate "2024.??.??"]
[TimeControl "1"]

1. e4 c5 2. Nf3 e6 3. d4 cxd4 4. Nxd4 Nc6 5. Nc3 Qc7 6. a3 a6 7. Be3 b5 8. Nxc6 Qxc6 9. Be2 Bb7 10. O-O Rc8 11. Qd3 Nf6 12. Rfd1 Qc7 13.
Bd4 e5 14. Be3 h6 15. Rac1 Bc5 16. Nd5 Bxd5 17. exd5 O-O 18. c4 e4 19. Qd2 Bxe3 20. Qxe3 bxc4 21. Qd4 Qd6 22. Rxc4 Rxc4 23. Qxc4 a5 24. b4 axb4 25. axb4 Re8 26. Qd4 Re5 27. Qc5 Qxc5 28. bxc5 Nxd5 29. Rc1 Nf4 30. Kf1 Nd3 31. Bxd3 exd3 32. Rd1 Rd5 33. Ke1 Kf8 34. g3 g5 35. g4 Kg7 36. f3 Kf6 37. Kf2 d2 38. Ke3 Ke5 39. h4 Rd4 40.
h5 f6 41. Rxd2 Rxd2 42. Kxd2 Kd4 0-1

[Event "Open international de Salon de Provence"]
[Site "Salon de Provence, France"]
[Date "2024.07.09"]
[Round "5.4"]
[White "Dimitrov, Radoslav"]
[Black "Kolb, Sebastien"]
[Result "1-0"]
[WhiteElo "2480"]
[BlackElo "1923"]
[PlyCount "67"]
[EventDate "2024.??.??"]
[TimeControl "1"]

1. d4 d5 2. c4 e6 3. Nc3 Be7 4. g3 Nf6 5. Bg2 O-O 6. Nf3 a6 7. Ne5 c5 8. cxd5 cxd4 9. Qxd4 Nc6 10. Nxc6 bxc6 11. d6 Bxd6 12. Bxc6 e5 13. Qa4 Ra7 14. Be3 Re7 15. O-O Ng4 16. Nd5 Nxe3 17. Nxe7+ Bxe7 18. fxe3 Qb6 19. Qc4 Be6 20. Bd5 Qxe3+ 21. Kh1 Bxd5+ 22. Qxd5 Qxe2 23. Rae1 Qxb2 24. Qxe5 Qxe5 25. Rxe5 Bb4 26. Rf3 g6 27. a3 Bd2 28. Rd3 Bc1 29. Ra5 Re8 30. Rd1 Bb2 31. Rxa6 h5 32. a4 Re2 33. Rad6 h4 34. R6d2 1-0

[Event "Open international de Salon de Provence"]
[Site "Salon de Provence, France"]
[Date "2024.07.09"]
[Round "5.5"]
[White "Rival, None"]
[Black "Tarisse, Mateo"]
[Result "1/2-1/2"]
[WhiteElo "1640"]
[BlackElo "1636"]
[PlyCount "68"]
[EventDate "2024.??.??"]
[TimeControl "1"]

1. d4 f5 2. Nc3 Nf6 3. Bg5 e6 4. e4 h6 5. Bxf6 Qxf6 6. exf5 Qxf5 7. Bd3 Qf7 8. Qg4 g5 9. O-O-O Qf4+ 10. Qxf4 gxf4 11. Nb5 Na6 12. Ne2 c6 13. Nbc3 Bd6 14. Ne4 Bc7 15. Nf6+ Ke7 16. Nh5 Rf8 17. c3 f3 18. gxf3 Rxf3 19. Neg3 Rxf2 20. Ne4 Rxh2 21. Rxh2 Bxh2 22. Rh1 Bc7 23. Rg1 b5 24. Rg7+ Kd8 25. Nef6 Ba5 26. a4 Rb8 27. b4 Bxb4 28. cxb4 Nxb4 29. Rg8+ Kc7 30. Ne8+ Kb6 31. Be2 bxa4 32. Nd6 Kc7 33. Ne8+ Kb6 34. Nd6 Kc7 1/2-1/2

[Event "Open international de Salon de Provence"]
[Site "Salon de Provence, France"]
[Date "2024.07.09"]
[Round "5.6"]
[White "Bicais, Noam"]
[Black "Metzger, Raphael"]
[Result "0-1"]
[WhiteElo "1603"]
[BlackElo "1601"]
[PlyCount "96"]
[EventDate "2024.??.??"]
[TimeControl "1"]

1. e4 e5 2. Nf3 Nc6 3. d4 exd4 4. Nxd4 Nf6 5. Nxc6 bxc6 6.
e5 Qe7 7. Qe2 Nd5 8. c4 Ba6 9. b3 Qh4 10. Qd1 Qe4+ 11. Be2 Qxe5 12. cxd5 Qxa1 13. Bxa6 Qxb1 14. O-O Qg6 15. Re1+ Kd8 16. Bb7 Rb8 17. dxc6 Bd6 18. Qd4 Re8 19. Be3 Ke7 20. Bg5+ Kf8 21. Rxe8+ Rxe8 22. g3 Qxg5 23. cxd7 Rd8 24. Bc8 Qc1+ 25. Kg2 Qc6+ 26. Kg1 Rxd7 27. Bxd7 Qxd7 28. Qxa7 Qf5 29. Qb8+ Ke7 30. a4 Qc5 31. Qa8 Kd7 32. Qf3 Qc1+ 33. Kg2 Qc6 34. h4 Qxf3+ 35. Kxf3 Bc5 36. Ke2 Kc6 37. f3 Kb6 38. g4 Ka5 39. Kd3 Kb4 40. Kc2 Be3 41. Kb2 f6 42. Kc2 Bd4 43. a5 Kxa5 44. Kd3 Be5 45. Kc4 Kb6 46. h5 Kc6 47. b4 Kd6 48.
b5 Ke6 0-1

[Event "Open international de Salon de Provence"]
[Site "Salon de Provence, France"]
[Date "2024.07.09"]
[Round "5.7"]
[White "Fanget, Sullys"]
[Black "Vrillet, Loan"]
[Result "1-0"]
[WhiteElo "1559"]
[BlackElo "1676"]
[PlyCount "53"]
[EventDate "2024.??.??"]
[TimeControl "1"]

1. e4 c6 2. d4 d5 3. e5 Bf5 4. Nf3 e6 5. Be2 c5 6. c4 Bxb1 7. Rxb1 cxd4 8.
Nxd4 Ne7 9. Qa4+ Qd7 10. Nb5 Nec6 11. O-O Na6 12. cxd5 Qxd5 13. Qxa6 bxa6 14. Nc7+ Kd7 15. Nxd5 exd5 16.
Bf4 h5 17. Rbc1 Be7 18. Bxa6 g5 19. Bb5 Rhc8 20. Be3 a6 21.
Ba4 Rab8 22. b3 Rb4 23. Rfd1 Rxa4 24. bxa4 Ke6 25. f4 g4 26. Rc2 Ba3 27. Rb1 1-0

[Event "Open international de Salon de Provence"]
[Site "Salon de Provence, France"]
[Date "2024.07.09"]
[Round "5.8"]
[White "Petillon, Alexis"]
[Black "Biard, Noah"]
[Result "0-1"]
[WhiteElo "1544"]
[BlackElo "1574"]
[PlyCount "88"]
[EventDate "2024.??.??"]
[TimeControl "1"]

1. e4 c5 2. Nf3 Nc6 3. Bb5 e6 4. c3 Nf6 5. e5 Nd5 6. d4 cxd4 7. c4 Nde7 8. Bg5 Qb6 9. Qc2 Ng6 10. Bxc6 bxc6 11. Nbd2 Bb7 12. a3 c5 13. O-O h6 14. Bh4 Nxh4 15. Nxh4 Be7 16. Nhf3 O-O 17. Rfe1 Rad8 18. Rab1 a5 19. h3 d5 20. exd6 Bxd6 21. Qd3 Rfe8 22. Ne4 Bf8 23. g4 e5 24. Rbd1 Re6 25. Rd2 Rde8 26. Rde2 g6 27. Ned2 Bg7 28. h4 Ba8 29. b3 Qb7 30. Ne4 Qe7 31. g5 f5 32. gxf6 Bxf6 33.
h5 g5 34. Nh2 Bg7 35. f3 Rf8 36. Kf2 Rf4 37. Ng4 Qf8 38. Kg2 Re7 39. Rf2 Ref7 40. Nd2 Rxg4+ 41. Kh3 Rh4+ 42. Kg3 Qc8 43. Rh2 e4 44. Nxe4 Qc7+ 0-1

[Event "Open international de Salon de Provence"]
[Site "Salon de Provence, France"]
[Date "2024.07.09"]
[Round "6.1"]
[White "Gusain, Himal"]
[Black "Petrosyan, Armen"]
[Result "1-0"]
[WhiteElo "2490"]
[BlackElo "2358"]
[PlyCount "73"]
[EventDate "2024.??.??"]
[TimeControl "1"]

1. e4 c6 2. d4 d5 3. e5 Bf5 4. h4 h5 5. Bd3 Bxd3 6. Qxd3 Qa5+ 7. Nd2 e6 8.
Ngf3 Nh6 9. O-O Nf5 10. Nb3 Qa6 11. Qd1 Be7 12. g3 Nd7 13.
Bg5 f6 14. Bf4 Kf7 15. Re1 Rae8 16. c3 b6 17. Qc2 Nf8 18. Bd2 Qc8 19. c4 Ng6 20. a4 fxe5 21. dxe5 dxc4 22. Qxc4 c5 23. Bg5 Qb7 24. Nbd2 Rd8 25. Bxe7 Kxe7 26. Ne4 Nd4 27. Nxd4 Rxd4 28. Qe2 Qd5 29. a5 Nxe5 30. Ng5 Nd3 31. Qxe6+ Qxe6 32. Rxe6+ Kd7 33. axb6 Ra8 34. Rg6 Nxb2 35. Ne6 Rd6 36. Rxa7+ Rxa7 37. Nxc5+ 1-0

[Event "Open international de Salon de Provence"]
[Site "Salon de Provence, France"]
[Date "2024.07.09"]
[Round "6.2"]
[White "Nikolov, Momchil"]
[Black "Enchev, Ivajlo"]
[Result "1/2-1/2"]
[WhiteElo "2460"]
[BlackElo "2416"]
[PlyCount "79"]
[EventDate "2024.??.??"]
[TimeControl "1"]

1. e4 e5 2. d4 exd4 3. Qxd4 Nc6 4. Qe3 Nf6 5. Nc3 Bb4 6.
Bd2 O-O 7. O-O-O Re8 8. Bc4 d6 9. f3 Be6 10. Bxe6 Rxe6 11.
Nge2 Bc5 12. Qf4 d5 13. exd5 Nxd5 14. Qc4 Nxc3 15. Nxc3 Bb6 16. Rhe1 Qd4 17. Qxd4 Nxd4 18. Rxe6 Nxe6 19. Nd5 f6 20. Nxb6 axb6 21. a3 Rd8 22. Be3 Rxd1+ 23. Kxd1 Kf7 24. a4 Ke7 25. Ke2 Kd6 26. b4 f5 27. Kd3 Kd5 28. Bd2 g6 29. c4+ Kd6 30. Bc1 c5 31.
b5 Kd7 32. Be3 Kd6 33. Bd2 Kd7 34. g3 Kd6 35. Bc3 Ng5 36. Ke3 Ne6 37. Bf6 Kd7 38. Be5 Nd8 39. g4 Ne6 40. h3 1/2-1/2

[Event "Open international de Salon de Provence"]
[Site "Salon de Provence, France"]
[Date "2024.07.09"]
[Round "6.3"]
[White "Dimitrov, Radoslav"]
[Black "Philippe, Guillaume"]
[Result "1/2-1/2"]
[WhiteElo "2480"]
[BlackElo "2359"]
[PlyCount "160"]
[EventDate "2024.??.??"]
[TimeControl "1"]

1. e4 c5 2. b3 d6 3. Bb2 Nf6 4. Bb5+ Bd7 5. Bxd7+ Qxd7 6. d3 Nc6 7. Ne2 e6 8. O-O Be7 9. Nd2 O-O 10. Ng3 d5 11. f4 dxe4 12. Ndxe4 Nxe4 13. dxe4 Qxd1 14. Rfxd1 Rfd8 15. c3 Rxd1+ 16. Rxd1 Rd8 17. Rxd8+ Bxd8 18. Nf1 c4 19. Kf2 cxb3 20. axb3 f5 21. Kf3 Kf7 22. Ne3 g6 23. c4 Bb6 24. Nc2 Na5 25. Na1 Nc6 26. Bc3 Bc5 27. Nc2 a5 28. h3 Ke7 29. g4 Kd6 30. Bg7 Nb4 31. Ne3 Bxe3 32. Kxe3 Nc6 33. Bf8+ Kc7 34. Ba3 Kb6 35. gxf5 gxf5 36. exf5 exf5 37. Kd3 Ka6 38. Bd6 b6 39. Kc3 Kb7 40. Ba3 Kc7 41. Bc1 Kb7 42. Be3 Ka6 43. Kb2 Nb4 44. Kc3 Nc6 45. Bc1 Kb7 46. Ba3 Ka6 47. b4 axb4+ 48. Bxb4 Kb7 49. Bf8 Ka6 50. Bd6 Kb7 51. Ba3 Ka6 52. Bb2 Kb7 53. Kb3 Ka6 54. Kc3 Kb7 55. Bc1 Ka6 56. Bd2 Kb7 57. Be1 Ka6 58. Bf2 Kb7 59. Be3 Ka6 60. Kb3 Na5+ 61. Kb4 Nc6+ 62. Ka4 Na5 63. Kb4 Nc6+ 64. Kc3 Kb7 65. Bf2 Ka6 66. Bh4 Kb7 67. Be1 Ka6 68. Bd2 Kb7 69. Kb3 Ka6 70. Ka4 Nd4 71. Be3 Nc6 72. Kb3 Na5+ 73. Kc3 Nc6 74. Bg1 Kb7 75. Bf2 Ka6 76. Kd3 Ka5 77. Kc3 Ka6 78. Be1 Kb7 79. Bd2 Ka6 80. Be1 Kb7 1/2-1/2

[Event "Open international de Salon de Provence"]
[Site "Salon de Provence, France"]
[Date "2024.07.09"]
[Round "6.4"]
[White "Lalic, Bogdan"]
[Black "Bedhouche, Rayan"]
[Result "1-0"]
[WhiteElo "2358"]
[BlackElo "2006"]
[PlyCount "61"]
[EventDate "2024.??.??"]
[TimeControl "1"]

1. Nf3 Nf6 2. c4 g6 3. Nc3 Bg7 4. e4 d6 5. d4 O-O 6. Be2 e5 7. O-O Nc6 8. d5 Ne7 9. b4 Nd7 10. a4 a5 11. Ba3 h6 12. bxa5 Rxa5 13.
Bb4 Ra8 14. a5 f5 15. Nd2 Nf6 16. c5 dxc5 17. Bxc5 Re8 18. Qb3 Kh8 19. Rfd1 Nd7 20. Ba3 b6 21. axb6 Nxb6 22. Nb5 fxe4 23. d6 Ned5 24. dxc7 Qh4 25. g3 Qh3 26. Bf1 Qg4 27. Nd6 Re7 28. Nxc8 Nxc8 29. Qxd5 Rxa3 30. Rxa3 Qxd1 31. Ra8 1-0

[Event "Open international de Salon de Provence"]
[Site "Salon de Provence, France"]
[Date "2024.07.09"]
[Round "6.5"]
[White "Biard, Noah"]
[Black "Rival, None"]
[Result "0-1"]
[WhiteElo "1574"]
[BlackElo "1640"]
[PlyCount "56"]
[EventDate "2024.??.??"]
[TimeControl "1"]

1. e4 c5 2. Nf3 Nc6 3. d4 cxd4 4. Nxd4 Nf6 5. Nc3 e5 6.
Ndb5 d6 7. Bg5 a6 8. Na3 b5 9. Nd5 Be7 10. Bxf6 Bxf6 11. c4 b4 12. Nc2 O-O 13. Be2 a5 14. O-O Bg5 15. f4 Bxf4 16. Nxf4 exf4 17. Rxf4 Qg5 18. Rf3 Qc5+ 19. Kh1 Ne5 20. Rg3 f5 21. exf5 Rxf5 22. Nd4 Rf2 23. Nf3 Bb7 24. Nd4 Rf6 25. Bd3 Raf8 26. Nb3 Nxd3 27. Qxd3 Qf2 28. Nd2 Qxd2 0-1

[Event "Open international de Salon de Provence"]
[Site "Salon de Provence, France"]
[Date "2024.07.09"]
[Round "6.6"]
[White "Tarisse, Mateo"]
[Black "Fanget, Sullys"]
[Result "1-0"]
[WhiteElo "1636"]
[BlackElo "1559"]
[PlyCount "103"]
[EventDate "2024.??.??"]
[TimeControl "1"]

1. Nf3 c6 2. c4 Nf6 3. g3 d5 4. b3 Bf5 5. Bg2 e6 6. Bb2 Nbd7 7. d3 dxc4 8. bxc4 Qb6 9. Qc2 Bc5 10. O-O O-O 11. h3 h6 12. Nbd2 Qc7 13.
Nb3 Bd6 14. Bc3 Bxg3 15. fxg3 Qxg3 16. Be1 Qc7 17. Qd2 Nh5 18. Nh4 Bh7 19. d4 Ndf6 20. e3 g5 21. Nf3 Ne4 22. Qd1 Nhg3 23.
Bxg3 Qxg3 24. Qe1 Qc7 25. Ne5 f6 26. Bxe4 Bxe4 27. Ng4 Kg7 28.
Nd2 Bd3 29. Rf3 Bg6 30. Qg3 Qxg3+ 31. Rxg3 h5 32. Nf2 Rad8 33. Nb3 b6 34. c5 Rf7 35. Rc1 Rc7 36. Nd1 h4 37. Rg2 Be4 38.
Rd2 Kh6 39. Nc3 Bf5 40. Kg2 g4 41. hxg4 Rg8 42. Rg1 Rxg4+ 43. Kh2 Rxg1 44. Kxg1 h3 45. Rf2 Rg7+ 46. Kh2 Rg4 47. Ne2 Re4 48. Ng3 Kg5 49. Nxe4+ Bxe4 50. Kxh3 Bd5 51. Kg3 f5 52. Rb2 1-0

[Event "Open international de Salon de Provence"]
[Site "Salon de Provence, France"]
[Date "2024.07.09"]
[Round "6.7"]
[White "Metzger, Raphael"]
[Black "Hamon, Alexandre"]
[Result "1-0"]
[WhiteElo "1601"]
[BlackElo "1602"]
[PlyCount "53"]
[EventDate "2024.??.??"]
[TimeControl "1"]

1. e4 c6 2. d4 d5 3. f3 dxe4 4. fxe4 Nf6 5. e5 Nd5 6. c4 Nb6 7. Nc3 Bf5 8. Bd3 Bxd3 9. Qxd3 e6 10. a3 Be7 11. Nf3 Na6 12. Be3 Nc7 13.
Rd1 O-O 14. O-O f6 15. exf6 Rxf6 16. Ne4 Rg6 17. Ne5 Ne8 18. Nxg6 hxg6 19. Rf2 Nf6 20. Ng5 Ng4 21. Qxg6 Bxg5 22. Bxg5 Qe8 23. Qxe8+ Rxe8 24. Rc2 Rf8 25. Rf1 Rf5 26. Rff2 Rf4 27. Rxf4 1-0

[Event "Open international de Salon de Provence"]
[Site "Salon de Provence, France"]
[Date "2024.07.09"]
[Round "6.8"]
[White "Maltsev, Nikita"]
[Black "Gautier Mazauric, Thomas"]
[Result "1-0"]
[WhiteElo "1552"]
[BlackElo "1638"]
[PlyCount "67"]
[EventDate "2024.??.??"]
[TimeControl "1"]

1. d4 Nf6 2. c4 e6 3. Nc3 Bb4 4. Nf3 O-O 5. e3 b6 6. Bd3 Bb7 7. a3 Bxc3+ 8. bxc3 Ne4 9. Qc2 f5 10. Bb2 d6 11. h4 Nd7 12. Ke2 Ndf6 13.
Nh2 Qe8 14. Rhg1 Qh5+ 15. Nf3 Rae8 16. Raf1 Ng4 17. Kd1 Nh2 18. Re1 Nxf3 19. gxf3 Qxf3+ 20. Be2 Nxf2+ 21. Kd2 Qe4 22. Qa4 f4 23. exf4 Qxf4+ 24. Kc2 Be4+ 25. Kb3 Qd2 26. Qd7 g6 27. h5 Nd3 28. Bxd3 Qxd3 29. h6 Re7 30. Qxe7 Rf7 31. Qe8+ Rf8 32. Qxe6+ Kh8 33. Qe7 Qc2+ 34. Ka2 1-0

[Event "Open international de Salon de Provence"]
[Site "Salon de Provence, France"]
[Date "2024.07.10"]
[Round "7.1"]
[White "Nikolov, Momchil"]
[Black "Gusain, Himal"]
[Result "1/2-1/2"]
[WhiteElo "2460"]
[BlackElo "2490"]
[PlyCount "111"]
[EventDate "2024.??.??"]
[TimeControl "1"]

1. d4 d5 2. c4 e6 3. Nf3 Nf6 4. Nc3 Be7 5. Bg5 O-O 6. e3 h6 7. Bxf6 Bxf6 8. Qc2 b6 9. cxd5 exd5 10. Be2 Be6 11. O-O c6 12. Rac1 Be7 13. e4 dxe4 14. Qxe4 Bd5 15. Nxd5 cxd5 16. Qf5 g6 17. Qh3 Kg7 18. Ne5 Bf6 19. f4 a6 20. Qb3 Qd6 21. Bf3 Rd8 22. Rc2 Ra7 23.
Rfc1 Re7 24. a3 g5 25. g3 Bxe5 26. fxe5 Qe6 27. Rf2 Nc6 28. Qd1 f5 29. exf6+ Qxf6 30. Bh5 Qd6 31. Qd3 Rf8 32. Rxf8 Kxf8 33. Qxa6 Nxd4 34. Qd3 Nc6 35. Qf5+ Kg7 36. Rf1 Rc7 37. Bd1 Nd8 38. Bb3 d4 39. Bc2 Rf7 40. Qh7+ Kf8 41. Qh8+ Ke7 42. Re1+ Kd7 43. Rd1 Rf6 44. Qh7+ Kc8 45. Rc1 Rf7 46. Bf5+ Kb7 47. Be4+ Ka6 48. Bd3+ Ka7 49. Qe4 Re7 50. Qf5 Qe5 51. Qxe5 Rxe5 52. Rc7+ Kb8 53. Rd7 Nc6 54. Ba6 Re3 55. Rb7+ Kc8 56. Rxb6+ 1/2-1/2

[Event "Open international de Salon de Provence"]
[Site "Salon de Provence, France"]
[Date "2024.07.10"]
[Round "7.2"]
[White "Enchev, Ivajlo"]
[Black "Philippe, Guillaume"]
[Result "1/2-1/2"]
[WhiteElo "2416"]
[BlackElo "2359"]
[PlyCount "42"]
[EventDate "2024.??.??"]
[TimeControl "1"]

1. d4 Nf6 2. c4 e6 3. Nf3 Bb4+ 4. Nbd2 O-O 5. a3 Be7 6. e4 d6 7. Bd3 Nfd7 8. O-O e5 9. Nb1 exd4 10. Nxd4 Nc6 11. Be3 Bf6 12. Nxc6 bxc6 13. Nc3 Re8 14. Rc1 a5 15. Qc2 Ne5 16. Be2 Ng4 17. Bxg4 Bxg4 18. f3 Be6 19. b3 Qb8 20. Rfd1 Qb7 21. Rd3 c5 1/2-1/2

[Event "Open international de Salon de Provence"]
[Site "Salon de Provence, France"]
[Date "2024.07.10"]
[Round "7.3"]
[White "Peric, Slavisa"]
[Black "Dimitrov, Radoslav"]
[Result "0-1"]
[WhiteElo "1990"]
[BlackElo "2480"]
[PlyCount "66"]
[EventDate "2024.??.??"]
[TimeControl "1"]

1. d4 Nf6 2. Nf3 c5 3. d5 g6 4. Nc3 Bg7 5. e4 O-O 6. a4 d6 7. h3 e6 8. Be2 exd5 9. exd5 Na6 10. Bf4 Nb4 11. O-O Bf5 12. Rc1 Ne4 13.
g4 Bxc3 14. gxf5 Bxb2 15. fxg6 fxg6 16. Bh6 Nc3 17. Qd2 Bxc1 18. Rxc1 Nxe2+ 19. Qxe2 Qe8 20. Qd1 Rf5 21. c4 Qe4 22. Rc3 Nc2 23. Qxc2 Qxc2 24. Rxc2 Rxf3 25. Kg2 Ra3 26. Re2 Kf7 27. Re6 Rd8 28. Bf4 Rxa4 29. Bxd6 Rxc4 30. Re7+ Kg8 31. Bg3 Rxd5 32. Rxb7 a5 33. Ra7 a4 0-1

[Event "Open international de Salon de Provence"]
[Site "Salon de Provence, France"]
[Date "2024.07.10"]
[Round "7.4"]
[White "Petrosyan, Armen"]
[Black "Lalic, Bogdan"]
[Result "1/2-1/2"]
[WhiteElo "2358"]
[BlackElo "2358"]
[PlyCount "41"]
[EventDate "2024.??.??"]
[TimeControl "1"]

1. e4 e5 2. Nf3 Nc6 3. Bb5 Nf6 4. O-O Nxe4 5. d4 Nd6 6.
Bxc6 dxc6 7. dxe5 Nf5 8. Qxd8+ Kxd8 9. Nc3 Ke8 10. Ne2 Ne7 11. h3 Ng6 12. Nf4 Nxf4 13. Bxf4 c5 14. e6 Bxe6 15. Bxc7 f6 16.
Rfd1 Be7 17. a3 Kf7 18. Bd6 Bxd6 19. Rxd6 Rhd8 20. Rad1 Rxd6 21. Rxd6 1/2-1/2